 Dungeon Crawl Stone Soup version 0.20.1-1-g8b1a95d (webtiles) character file.

97 Inchmeat the Poker (level 4, -2/33 HPs)
             Began as a Merfolk Skald on Dec 2, 2017.
             Slain by a quokka skeleton (3 damage)
             ... on level 4 of the Dungeon.
             The game lasted 00:02:57 (1971 turns).

Inchmeat the Poker (Merfolk Skald)                  Turns: 1971, Time: 00:02:58

Health: -2/33      AC:  3    Str: 12    XL:     4   Next: 68%
Magic:  4/7        EV: 12    Int: 12    God:
Gold:   81         SH:  0    Dex: 13    Spells: 1/7 levels left

rFire    . . .     SeeInvis .   a - +0 spear
rCold    . . .     Gourm    .   (no shield)
rNeg     . . .     Faith    .   b - +0 leather armour
rPois    .         Spirit   .   (no helmet)
rElec    .         Reflect  .   (no cloak)
rCorr    .         Harm     .   (no gloves)
MR       .....                  (no boots)
Stlth    +.........             (no amulet)
Regen    0.2/turn               (no ring)
MPRegen  0.1/turn               (no ring)

@: lethally poisoned (-2 -> -10), about to teleport
A: change form in water, swift swim, stealthy swim
a: no special abilities


You were on level 4 of the Dungeon.
You were near starving.

You visited 1 branch of the dungeon, and saw 4 of its levels.

You collected 81 gold pieces.

Inventory:

Hand Weapons
 a - a +0 spear (weapon)
Armour
 b - a +0 leather armour (worn)
Scrolls
 h - 3 scrolls of identify {unknown}
 i - 2 scrolls of enchant armour {unknown}
 j - a scroll of blinking {unknown}
Books
 c - a book of Battle

   Spells                             Type                      Level
   a - Infusion                       Charms                       1
   b - Shroud of Golubria             Charms/Translocation         2
   c - Song of Slaying                Charms                       2
   d - Spectral Weapon                Hexes/Charms                 3
   e - Regeneration                   Charms/Necromancy            3
Comestibles
 d - 2 bread rations


   Skills:
 - Level 2.1 Fighting
 * Level 6.9 Polearms
 - Level 0.6 Armour
 - Level 2.6 Dodging
 - Level 2.0 Spellcasting
 - Level 3.2 Charms


You had one spell level left.
You knew the following spells:

 Your Spells              Type           Power        Failure   Level  Hunger
a - Infusion              Chrm           #...         9%          1    ##.....
b - Song of Slaying       Chrm           #.......     14%         2    ###....
c - Spectral Weapon       Hex/Chrm       #.......     47%         3    ####...


Dungeon Overview and Level Annotations

Branches:
Dungeon (4/15)
 Temple: D:4-7

Altars:

Annotations:
D:3 Grinder


Message History

* * * LOW HITPOINT WARNIN'
* * * Ye see 'ere a scale mail.
A worker ant comes inta view.
Tha worker ant twitches its antennae in yer direction.
Tha worker ant bites ye.
* * * LOW HITPOINT WARNIN'
* * * Tha worker ant closely misses ye.
A quokka skeleton comes inta view.
Tha worker ant bites ye.
* * * LOW HITPOINT WARNIN'
* * * Ye be leth'lly poison'd!
Tha worker ant poisons ye!
Ye be too injured ta fight recklessly!
Unknown command.
Ye ar'n't carryin' any potions.
As ye read tha scroll o' teleportation, it crumbles ta dust.
Ye feel strangely unst'ble.
* * * LOW HITPOINT WARNIN'
* * * Ye feel sick.
Tha worker ant barely misses ye.
Tha quokka skeleton bites ye.
Ye die...

.### .... #
..# #.w.
######.##
#.#.#...#
#...#
##.#..#..# ##
#...#
#.#..###..#Z#
#...#
##..##.##.@##
#...#
#..##...##al#
.#####....
#.##..!..##l#
..........
#..##...##[l#
o.o/.=....
##..##.##l.##
..o..o...$
#.#..#.#.l#.#
######.o.#
##.#.....#.##
#w...
#.#.#...#.#.#
#...#
#############
#####Z..#


You could see an iguana, a worker ant, a leopard gecko, a frilled lizard and a
quokka skeleton.

Vanquished Creatures
  An orc wizard (D:4)
  2 adders
  A worm (D:3)
  2 dart slugs
  3 orcs
  2 giant cockroaches
  4 goblins
  3 hobgoblins (D:1)
  2 jackals (D:4)
  6 bats
  4 frilled lizards
  7 kobolds
  6 rats
43 creatures vanquished.

Notes
Turn   | Place    | Note
-------+----------+-------------------------------------------
     0 | D:1      | Inchmeat the Merfolk Skald began the quest for the Orb.
     0 | D:1      | Reached XP level 1. HP: 16/16 MP: 3/3
   296 | D:1      | Reached skill level 4 in Polearms
   296 | D:1      | Reached XP level 2. HP: 20/22 MP: 5/5
   953 | D:2      | Reached XP level 3. HP: 26/27 MP: 6/6
   994 | D:2      | Reached skill level 5 in Polearms
  1663 | D:3      | Reached skill level 6 in Polearms
  1737 | D:3      | Noticed Grinder
  1753 | D:4      | Reached XP level 4. HP: 33/33 MP: 5/7
  1757 | D:4      | Learned a level 2 spell: Song of Slaying
  1761 | D:4      | Learned a level 3 spell: Spectral Weapon
  1971 | D:4      | HP: 1/33 [poisoned by a worker ant]
  1971 | D:4      | Slain by a quokka skeleton

Skill      XL: |  1  2  3 |
---------------+----------+-----
Polearms       | 4 6 |  6.9
Fighting       | |  2.1
Armour         | |  0.6
Dodging        | |  2.6
Spellcasting   | |  2.0
Charms         | |  3.2

Action                   |  1- 3 |  4- 6 || total
-------------------------+-------+-------++-------
Melee: Spear             |   143 |    35 ||   178
 Cast: Infusion          |     9 |     3 ||    12
  Use: Scroll            |       |     3 ||     3
       Potion            |       |     1 ||     1
 Stab: Sleeping          |     2 |       ||     2
  Eat: Chunk             |     2 |       ||     2
Armor: Leather armour    |    32 |     8 ||    40
Dodge: Dodged            |    66 |    19 ||    85
